 Dungeon Crawl Stone Soup version 0.28-a0-425-gd0eccab798 (webtiles) character file.

Game seed: 5781616066151803352

11 mg7810 the Skirmisher (level 2, 0/25 HPs)
             Began as a Djinni Fighter on Sept 9, 2021.
             Slain by a goblin (1 damage)
             ... on level 1 of the Dungeon.
             The game lasted 00:00:42 (173 turns).

mg7810 the Skirmisher (Djinni Fighter)               Turns: 173, Time: 00:00:42

Health: 0/25       AC:  6    Str: 15    XL:     2   Next: 40%
Gold:   0          EV:  9    Int:  9    God:
                   SH:  4    Dex: 12

rFire   + + .      SeeInvis .     - Unarmed
rCold   x . .      Faith    .   b - +0 buckler
rNeg    . . .      Spirit   .   a - +0 scale mail
rPois   ∞          Reflect  .   (no helmet)
rElec   .          Harm     .   (no cloak)
rCorr   .          Rampage  .   (no gloves)
Will    .....                   (boots unavailable)
Stlth   ..........              (no amulet)
HPRegen 0.08/turn               (no ring)
MPRegen 0.00/turn               (no ring)

@: mighty, brilliant, flying
A: sickness immunity, fire resistance 2, cold vulnerability 1, float, innate
caster, hp casting, extra vitality 1
a: no special abilities


You were on level 1 of the Dungeon.
You visited 1 branch of the dungeon, and saw 1 of its levels.

Inventory:

Armour
 a - a +0 scale mail (worn)
 b - a +0 buckler (worn)


   Skills:
 + Level 3.2 Fighting
 + Level 3.2 Armour
 + Level 3.1 Shields
 + Level 2.1 Unarmed Combat


You had one spell level left.
You didn't know any spells.
Your spell library was empty.

Dungeon Overview and Level Annotations

Branches:
Dungeon (1/15)

Altars:


Innate Abilities, Weirdness & Mutations

You are immune to sickness and miasma.
You are immune to poison.
Your flesh is very heat resistant. (rF++)
You are vulnerable to cold. (rC-)
You float through the air rather than walking.
You learn spells naturally, not from books.
Your magical power is your life essence.
You have superior vitality. (+4 HP)


Message History

The dart slug bites you.
* * * LOW HITPOINT WARNING * * *
You hit the dart slug.
The dart slug is almost dead.
A goblin comes into view. It is wielding a +0 club.
You block the frilled lizard's attack. The dart slug launches a dart at you.
The slug dart misses you.
The slug dart hits the frilled lizard.
The frilled lizard dies!
The goblin shouts!
You hit the dart slug.
You kill the dart slug!
You hear a shout!
The giant cockroach barely misses you.
You hit the giant cockroach but do no damage.
The giant cockroach bites you but does no damage.
You hit the giant cockroach but do no damage.
You block the giant cockroach's attack.
You hit the giant cockroach but do no damage.
You block the hobgoblin's attack. The giant cockroach barely misses you.
You hit the giant cockroach.
The giant cockroach is almost dead.
The giant cockroach bites you.
* * * LOW HITPOINT WARNING * * *
You block the hobgoblin's attack.
You hit the giant cockroach.
You kill the giant cockroach!
The hobgoblin hits you but does no damage.
You hit the hobgoblin but do no damage. The hobgoblin hits you.
* * * LOW HITPOINT WARNING * * *
It was a potion of brilliance.
You feel clever all of a sudden. The hobgoblin barely misses you.
You feel very mighty all of a sudden.
The hobgoblin hits you but does no damage.
You punch the hobgoblin!
You kill the hobgoblin!
You closely miss the goblin. The goblin hits you but does no damage.
You barely miss the goblin. The goblin hits you with a +0 club.
You die...

#.# #.........≈.≈
#########.###........≈≈≈≈
.....................≈≈≈≈
.....................≈.≈≈
#######..............≈≈≈≈
#####......#######....≈≈≈≈
#.....#.#### ..#.≈≈≈≈
........#######$...##.≈≈≈≈
...###...@g.......# ≈≈
##.#⌠#.#####......#
#..###. ......# .......
....... ....... .......
#...... ....... .......
..##... ......? ... ...


You could see a goblin.

Vanquished Creatures
  A dart slug (D:1)
  A bat (D:1)
  2 endoplasms (D:1)
  A giant cockroach (D:1)
  2 hobgoblins (D:1)
  A rat (D:1)
8 creatures vanquished.

Vanquished Creatures (others)
  A frilled lizard (D:1)
1 creature vanquished.

Grand Total: 9 creatures vanquished

Notes
Turn   | Place    | Note
-------+----------+-------------------------------------------
     0 | D:1      | mg7810 the Djinni Fighter began the quest for the Orb.
     0 | D:1      | Reached XP level 1. HP: 20/20 MP: 0/0
   157 | D:1      | Reached XP level 2. HP: 9/25 MP: 0/0
   168 | D:1      | HP: 1/25 [hobgoblin (4)]
   173 | D:1      | Slain by a goblin

Illustrated notes

Levels and vault maps discovered:
D:1:      kennysheep_arrival_forest, layout_rooms,
          ebering_ecumenical_altar_sacrificial, chequers_serial_rivers_large_a,
          feat_on_display

Action                   || total
-------------------------++-------
Melee: Unarmed           ||    33
  Use: Potion            ||     2
Armor: Scale mail        ||    12
Dodge: Dodged            ||    13
Block: Buckler           ||     6

Table legend: (Time is in decaauts)
 A = Elapsed time spent in this place.
 B = Non-inter-level travel time spent in this place.
 C = Inter-level travel time spent in this place.
 D = Time resting spent in this place.
 E = Time spent auto-exploring this place.
 F = Levels seen in this place.
 G = Mean time per level.
                   A        B        C        D        E       F      G
               +--------+--------+--------+--------+--------+-----+--------+
         Total |    172 |    172 |      0 |      0 |    107 |   1 |  172.0 |
       Dungeon |    172 |    172 |      0 |      0 |    107 |   1 |  172.0 |
               +--------+--------+--------+--------+--------+-----+--------+

Top non-repeatable levels by time:
     D:1: 172 daAuts
